Map: Alcyone LE

Players

KitsuNET - Winner!

  • Race: Protoss Protoss
  • Spawn Location: 1:00

VOD

Have the link to the VOD?

Description

Time

  • Played on: Sept. 7, 2024, 8:12 p.m.
  • Length: 29:43
Show
View Real Time Build Order
Export as new Build Order

KitsuNET Protoss - Winner!

Build Orders:  

Get SALT Encoding   

  13  0:10  Probe (Chrono Boost)  
  13  0:18  Assimilator  
  13  0:29  Probe (Chrono Boost)  
  14  0:46  Probe (Chrono Boost)  
  15  0:52  Pylon  
  15  1:17  Pylon  
  15  1:47  Forge  
  15  1:52  Gateway  
  15  1:55  Gateway  
  16  2:12  Probe (Chrono Boost)  
  16  2:28  Probe (Chrono Boost)  
  17  2:45  Probe (Chrono Boost)  
  17  2:49  Protoss Shields Level 1  
  18  3:12  Cybernetics Core  
  18  3:16  Pylon  
  18  3:24  Probe (Chrono Boost)  
  18  3:26  Assimilator  
  20  3:41  Probe (Chrono Boost)  
  20  3:57  Probe (Chrono Boost)  
  21  4:03  Gateway  
  21  4:14  Probe (Chrono Boost)  
  23  4:40  Probe (Chrono Boost)  
  23  4:57  Nexus  
  23  5:03  Assimilator  
  23  5:06  Assimilator  
  23  5:33  Photon Cannon  
  23  5:40  Photon Cannon  
  23  5:54  Photon Cannon  
  23  6:09  Photon Cannon  
  23  6:19  Pylon  
  23  6:32  Warp Gate  
  23  6:49  Twilight Council  
  23  6:58  Probe (Chrono Boost)  
  24  7:11  Stalker  
  24  7:12  Stalker, Sentry  
  24  7:15  Probe (Chrono Boost)  
  32  7:32  Probe (Chrono Boost)  
  32  7:39  Stargate  
  32  7:47  Pylon  
  32  7:48  Probe (Chrono Boost)  
  33  7:52  Protoss Air Weapons Level 1  
  33  8:05  Probe (Chrono Boost)  
  34  8:22  Probe (Chrono Boost)  
  35  8:38  Stargate  
  35  8:39  Probe (Chrono Boost)  
  36  8:48  Fleet Beacon  
  36  8:52  Stargate  
  36  8:56  Probe (Chrono Boost)  
  37  9:15  Probe (Chrono Boost)  
  39  9:30  Pylon  
  39  9:32  Probe (Chrono Boost)  
  39  9:34  Photon Cannon  
  39  9:36  Photon Cannon  
  39  9:39  Photon Cannon  
  39  9:44  Photon Cannon  
  39  9:49  Probe (Chrono Boost)  
  40  10:06  Probe (Chrono Boost)  
  41  10:16  Stalker x2  
  41  10:18  Sentry  
  47  10:23  Probe (Chrono Boost)  
  48  10:43  Pylon  
  48  10:47  Photon Cannon  
  48  10:48  Photon Cannon  
  48  10:52  Photon Cannon, Protoss Air Armor Level 1  
  48  10:56  Photon Cannon  
  48  11:28  Probe (Chrono Boost)  
  48  11:40  Stargate  
  48  11:41  Stargate  
  48  11:47  Stargate  
  48  12:00  Pylon  
  48  12:02  Pylon  
  48  12:06  Pylon  
  48  12:10  Pylon  
  49  12:30  Nexus  
  49  12:31  Probe (Chrono Boost)  
  49  12:42  Carrier  
  49  12:48  Probe (Chrono Boost)  
  50  12:50  Assimilator  
  50  12:56  Assimilator  
  50  13:05  Probe (Chrono Boost)  
  57  13:22  Probe (Chrono Boost)  
  58  13:31  Pylon  
  58  13:33  Pylon  
  58  13:36  Pylon  
  58  13:39  Probe (Chrono Boost)  
  59  13:40  Pylon  
  59  13:43  Pylon  
  59  13:46  Pylon  
  59  14:01  Photon Cannon  
  59  14:07  Photon Cannon  
  59  14:10  Photon Cannon  
  59  14:15  Photon Cannon  
  59  14:23  Photon Cannon  
  59  14:32  Probe (Chrono Boost)  
  60  14:49  Probe (Chrono Boost)  
  61  14:50  Pylon  
  61  15:04  Pylon  
  61  15:06  Probe (Chrono Boost), Carrier  
  61  15:07  Carrier  
  61  15:09  Pylon  
  62  15:14  Pylon  
  62  15:23  Probe (Chrono Boost)  
  63  15:36  Carrier  
  76  15:40  Probe (Chrono Boost)  
  76  15:59  Carrier  
  76  16:00  Carrier  
  95  16:40  Probe (Chrono Boost)  
  95  16:57  Probe (Chrono Boost)  
  90  17:14  Probe (Chrono Boost)  
  90  17:17  Carrier  
  85  17:24  Photon Cannon  
  85  17:27  Photon Cannon  
  85  17:29  Photon Cannon  
  85  17:30  Photon Cannon  
  85  17:33  Photon Cannon  
  85  17:37  Photon Cannon  
  91  17:56  Probe (Chrono Boost)  
  92  18:12  Probe (Chrono Boost)  
  92  18:13  Probe (Chrono Boost)  
  92  18:16  Probe (Chrono Boost)  
  95  18:29  Probe (Chrono Boost)  
  112  18:30  Probe (Chrono Boost)  
  97  18:33  Probe (Chrono Boost)  
  97  18:36  Zealot  
  97  18:37  Zealot  
  97  18:38  Zealot  
  104  18:46  Probe x2 (Chrono Boost)  
  107  19:08  Carrier x2  
  106  19:21  Photon Cannon  
  106  19:22  Photon Cannon  
  106  19:24  Photon Cannon, Carrier  
  106  19:25  Photon Cannon  
  106  19:30  Photon Cannon x2  
  118  19:43  Carrier  
  118  19:45  Carrier  
  118  19:50  Photon Cannon  
  124  20:09  Carrier  
  136  20:26  Zealot  
  136  20:27  Zealot x2  
  148  21:47  Photon Cannon  
  148  21:51  Photon Cannon  
  148  21:56  Photon Cannon  
  148  22:07  Carrier x3  
  148  22:09  Carrier  
  148  22:11  Nexus  
  148  22:14  Assimilator  
  148  22:17  Assimilator  
  148  22:34  Sentry x3  
  178  22:46  Carrier x2  
  190  23:37  Carrier  
  190  24:04  Pylon  
  190  24:06  Pylon  
  196  24:10  Pylon  
  196  24:14  Carrier  
  198  25:11  Photon Cannon x2  
  198  25:14  Photon Cannon  
  198  25:15  Photon Cannon x2  
  198  25:19  Photon Cannon  
  198  25:21  Photon Cannon  
  198  25:24  Photon Cannon, Carrier  
  198  25:25  Photon Cannon  
  184  25:58  Protoss Shields Level 2  
  190  26:08  Protoss Air Weapons Level 2  
  191  26:31  Probe (Chrono Boost)  
  191  26:48  Probe (Chrono Boost)  
  192  26:58  Carrier  
  192  27:05  Probe (Chrono Boost)  
  193  27:22  Probe (Chrono Boost)  
Tags
 
Matchup
Co-op
Add a new tag
Caveats
  • Supply blocks, unpowered buildings, or Contaminate may cause inaccurate times.
  • Supply counts are checked every 10 seconds.